Map: Heavy Artillery LE

Players

LMérovingien - Winner!

  • Race: Terran Terran
  • League: Diamond
  • Spawn Location: 1:00

Marti - Winner!

  • Race: Terran Terran
  • League: Diamond
  • Spawn Location: 3:00

qqq

  • Race: Zerg Zerg
  • Spawn Location: 7:00

Massa

  • Race: Terran Terran
  • League: Platinum
  • Spawn Location: 7:00

VOD

Have the link to the VOD?

Description

Time

  • Played on: Nov. 4, 2020, 3:02 p.m.
  • Length: 10:49
Show
View Real Time Build Order
Export as new Build Order

LMérovingien Terran - Winner!

Build Orders: Liberator Opening 

Get SALT Encoding   

  12  0:00  SCV  
  13  0:12  SCV  
  14  0:17  Supply Depot  
  14  0:24  SCV  
  15  0:39  SCV  
  15  0:40  Barracks  
  16  0:46  Refinery  
  16  0:51  SCV  
  17  1:03  SCV  
  18  1:15  SCV  
  19  1:27  SCV  
  19  1:30  Reaper  
  21  1:36  Command Center  
  21  1:42  Orbital Command  
  21  1:49  Supply Depot  
  21  2:02  Marine  
  21  2:08  Factory  
  22  2:14  SCV  
  23  2:18  Refinery  
  23  2:25  Barracks Reactor  
  23  2:30  SCV  
  23  2:53  Factory Tech Lab  
  23  2:56  Orbital Command  
  23  3:02  Marine x2  
  23  3:03  Supply Depot  
  25  3:09  Starport  
  25  3:12  Barracks  
  25  3:13  SCV  
  25  3:19  Marine  
  26  3:24  Bunker  
  26  3:25  SCV  
  26  3:26  Siege Tank  
  31  3:27  Marine  
  31  3:28  SCV  
  33  3:37  SCV, Marine  
  35  3:45  SCV  
  36  3:49  SCV  
  36  3:53  Liberator  
  36  3:54  Marine  
  41  3:57  SCV  
  41  4:01  SCV  
  43  4:03  Barracks Tech Lab  
  43  4:09  SCV  
  44  4:13  SCV, Barracks  
  45  4:21  SCV  
  45  4:22  Stimpack  
  46  4:26  SCV  
  46  4:30  Marine x2  
  49  4:34  Supply Depot  
  49  4:46  Siege Tank  
  49  4:49  Refinery  
  49  4:50  Refinery  
  52  4:54  Marine x2  
  54  5:00  Engineering Bay  
  54  5:01  SCV  
  54  5:02  Barracks Reactor  
  54  5:06  Engineering Bay  
  55  5:08  Command Center  
  55  5:16  Marine x3  
  55  5:17  Starport Reactor  
  55  5:18  SCV x2  
  60  5:26  Supply Depot x2  
  60  5:30  Supply Depot  
  60  5:34  Marine x2  
  62  5:36  Supply Depot  
  62  5:39  Terran Infantry Armor Level 1  
  62  5:40  Terran Infantry Weapons Level 1  
  62  5:47  Marine  
  62  5:48  Marine  
  62  5:49  Marauder  
  66  5:51  Siege Tank  
  66  5:53  SCV  
  66  5:54  SCV  
  71  6:05  SCV, Armory  
  71  6:06  SCV  
  71  6:10  Combat Shield  
  71  6:11  Marine  
  74  6:18  SCV x2  
  76  6:20  Orbital Command  
  76  6:25  Marine x3  
  79  6:30  SCV x2  
  81  6:32  Medivac  
  81  6:34  Medivac  
  85  6:42  SCV x2  
  85  6:44  Barracks  
  87  6:47  Marine x3  
  87  6:48  Marauder  
  92  6:54  SCV  
  92  6:58  Marine  
  94  7:02  Medivac  
  94  7:04  Medivac  
  94  7:06  Supply Depot  
  94  7:07  Supply Depot x2  
  98  7:10  Marauder  
  98  7:11  Marine x2  
  98  7:12  Marine  
  98  7:15  Refinery, SCV  
  104  7:16  Marine  
  104  7:17  Refinery  
  102  7:28  Concussive Shells  
  100  7:30  Supply Depot  
  100  7:32  Medivac  
  100  7:35  Marine x5  
  100  7:36  Marine, Medivac  
  108  7:37  SCV  
  105  7:53  Marine x3  
  105  7:55  Marauder  
  108  8:01  Terran Infantry Armor Level 2, Terran Infantry Weapons Level 2  
  108  8:02  Medivac  
  108  8:04  Terran Vehicle And Ship Armor Level 1  
  107  8:07  Marine x2  
  107  8:10  Marine  
  107  8:11  Marine x2  
  109  8:13  Barracks  
  109  8:15  Marine  
  109  8:19  SCV  
  108  8:20  SCV x2  
  108  8:25  Barracks Reactor  
  110  8:31  SCV  
  110  8:32  SCV, Liberator, Medivac  
  110  8:33  Marine  
  110  8:34  Marauder  
  120  8:35  SCV  
  121  8:41  Command Center  
  121  8:43  SCV  
  121  8:44  SCV  
  121  8:47  SCV  
  124  8:49  Supply Depot  
  124  8:55  SCV, Marauder  
  118  8:56  SCV  
  118  9:00  Marine  
  118  9:01  Marine x4  
  118  9:02  Marine  
  112  9:03  Medivac  
  112  9:08  Barracks Reactor  
  114  9:14  Siege Tank  
  114  9:16  Marauder  
  119  9:18  Marine x3  
  119  9:19  Marine x3  
  118  9:28  SCV  
  116  9:36  Starport, Factory, Marine x3  
  116  9:37  Marine x2  
  120  9:41  Marine x2  
  120  9:42  Supply Depot x2  
  120  9:44  Supply Depot  
  120  9:45  Supply Depot  
  122  9:46  Siege Tank  
  122  9:52  Marine x2  
  120  9:54  Marine x3  
  120  9:55  Marine x2  
  120  9:59  Marine x2  
  126  10:06  Medivac  
  120  10:08  SCV  
  120  10:10  Marine x2, Planetary Fortress  
  120  10:12  Marine x4  
  127  10:16  SCV, Missile Turret  
  127  10:20  Sensor Tower  
  131  10:25  Marine  
  131  10:26  Marine x2  
  131  10:27  Factory Tech Lab, Starport Tech Lab  
  131  10:28  SCV, Marine x2  
  135  10:29  Marine  
  135  10:30  Marine  
Show
View Real Time Build Order
Export as new Build Order

Marti Terran - Winner!

Build Orders: Gas First Reaper Expand 

Get SALT Encoding   

  12  0:01  SCV  
  13  0:13  SCV  
  14  0:19  Supply Depot  
  14  0:26  SCV  
  15  0:32  Refinery  
  15  0:40  SCV  
  16  0:45  Barracks  
  16  0:52  SCV  
  17  1:04  SCV  
  18  1:18  SCV  
  19  1:32  Orbital Command  
  19  1:34  Reaper  
  20  1:47  Command Center  
  20  1:55  Supply Depot  
  20  1:58  SCV  
  21  2:10  SCV  
  21  2:11  Marine  
  23  2:17  Refinery  
  23  2:23  SCV  
  23  2:32  Factory  
  23  2:39  SCV  
  23  2:40  Barracks Tech Lab  
  24  2:57  SCV  
  25  2:59  Orbital Command  
  25  3:09  SCV  
  26  3:19  Marine  
  27  3:21  SCV  
  27  3:22  Starport  
  27  3:23  Siege Tank  
  31  3:33  SCV  
  32  3:36  SCV  
  32  3:40  Engineering Bay  
  33  3:41  Barracks Reactor  
  33  3:47  SCV  
  33  3:48  SCV  
  35  3:51  Orbital Command  
  35  3:56  Siege Tank  
  38  4:08  Barracks Reactor  
  38  4:09  Liberator  
  41  4:11  SCV  
  42  4:17  SCV, Barracks  
  42  4:19  Barracks  
  42  4:23  SCV  
  44  4:29  SCV  
  45  4:35  SCV  
  45  4:36  Terran Infantry Weapons Level 1  
  46  4:46  Barracks  
  46  4:54  Supply Depot  
  46  4:55  Command Center  
  46  5:00  Starport Reactor  
  46  5:09  Barracks Reactor  
  46  5:12  Barracks Tech Lab x2  
  46  5:16  SCV x2, Siege Tank  
  46  5:19  Refinery  
  46  5:21  Marine x2  
  54  5:28  SCV  
  54  5:31  Refinery  
  54  5:37  Supply Depot x2  
  54  5:38  Stimpack  
  54  5:39  Barracks Reactor, Supply Depot  
  54  5:40  SCV x2  
  56  5:44  Marine x4  
  60  5:52  SCV  
  61  6:02  SCV, Marauder  
  64  6:05  Marine x2  
  64  6:06  SCV  
  64  6:10  Orbital Command  
  67  6:11  Medivac x2  
  67  6:14  SCV  
  72  6:20  SCV  
  73  6:27  SCV  
  73  6:31  Marine x2  
  73  6:32  SCV, Marauder, Marine x3  
  82  6:39  SCV  
  80  6:43  Armory  
  80  6:44  Siege Tank  
  83  6:49  Marine x3, Medivac  
  83  6:50  Marine x2  
  83  6:51  Combat Shield  
  83  6:53  Marine  
  91  6:56  Orbital Command  
  91  7:04  Medivac  
  91  7:07  Marine x3  
  91  7:08  SCV x2  
  98  7:10  Terran Infantry Armor Level 1  
  98  7:11  Supply Depot  
  98  7:14  Marine, Supply Depot  
  98  7:15  Marine x2  
  101  7:32  SCV x3  
  104  7:37  Marine x4  
  104  7:38  Marauder, Marine  
  110  7:45  SCV  
  111  7:52  Medivac, Siege Tank  
  111  7:55  Marine x4  
  111  7:56  Marauder  
  119  7:59  Marine  
  119  8:02  Supply Depot  
  117  8:13  Marine x4  
  117  8:17  Marine x2  
  121  8:20  SCV x3  
  121  8:26  Refinery  
  121  8:27  Refinery  
  124  8:31  Marine x4  
  128  8:34  Marine  
  128  8:35  Marine  
  130  8:48  Marine x2  
  130  8:49  Marine  
  130  8:54  Marine  
  133  8:56  Marine x2  
  121  9:06  Marine x3  
  116  9:12  Marine  
  116  9:13  Marine  
  116  9:14  Marine  
  118  9:22  Command Center  
  115  9:24  Marine x3  
  115  9:29  Marine  
  107  9:31  Marine  
  107  9:32  Marine  
  109  9:38  Medivac, Siege Tank  
  109  9:39  Medivac  
  109  9:42  Marine x3  
  119  9:47  SCV x3, Marine, Engineering Bay  
  119  9:49  Starport, Marine x2  
  119  9:51  Barracks, Ghost Academy  
  125  9:56  Barracks  
  125  9:59  SCV x3  
  128  10:00  Marine x2  
  128  10:02  Marine  
  128  10:05  Marine  
  130  10:07  Marine x2  
  130  10:11  SCV  
  133  10:17  Supply Depot  
  133  10:19  Supply Depot x2  
  133  10:21  Supply Depot  
  133  10:30  Marine x6  
  133  10:31  SCV x2  
Show
View Real Time Build Order
Export as new Build Order

qqq Zerg 

Build Orders: Hatch First 

Get SALT Encoding   

  12  0:00  Drone  
  13  0:08  Drone  
  14  0:36  Hatchery  
  14  0:39  Drone  
  14  0:56  Spawning Pool  
  13  1:06  Overlord  
  13  1:10  Drone  
  14  1:25  Drone x2, Extractor  
  15  1:30  Drone  
  16  1:45  Queen  
  16  1:47  Drone  
  19  1:48  Drone  
  19  1:51  Drone  
  21  2:06  Roach Warren  
  20  2:11  Drone  
  20  2:12  Drone  
  22  2:15  Drone  
  22  2:30  Lair  
  22  2:34  Drone  
  23  2:48  Drone  
  23  2:49  Drone x2  
  23  2:50  Drone  
  27  2:52  Drone  
  27  2:54  Overlord  
  28  3:04  Overlord  
  28  3:16  Drone  
  28  3:18  Evolution Chamber, Roach  
  32  3:20  Roach  
  32  3:24  Queen  
  32  3:25  Drone  
  35  3:27  Drone  
  35  3:31  Glial Reconstitution  
  36  3:36  Roach  
  36  3:37  Drone  
  36  3:39  Drone  
  40  3:47  Roach  
  42  3:49  Drone  
  42  3:54  Extractor  
  42  3:57  Drone x2  
  42  3:59  Overlord  
  42  4:01  Extractor  
  43  4:04  Drone  
  44  4:10  Overlord  
  44  4:22  Hatchery  
  43  4:24  Drone  
  43  4:25  Drone  
  43  4:26  Roach  
  43  4:28  Overlord  
  47  4:34  Drone x3  
  47  4:37  Drone  
  51  4:39  Drone  
  51  4:43  Drone  
  51  4:45  Roach  
  55  4:49  Tunneling Claws  
  55  4:50  Roach  
  55  4:52  Roach  
  59  4:56  Roach  
  59  4:57  Roach  
  63  5:02  Drone x2  
  63  5:04  Roach  
  67  5:09  Zerg Ground Armor Level 1  
  67  5:20  Overlord x2  
  67  5:22  Drone  
  68  5:35  Hydralisk Den  
  66  5:47  Spore Crawler  
  66  5:50  Drone x6  
  66  5:52  Roach x3  
  66  5:56  Drone x3  
  80  6:09  Muscular Augments  
  80  6:17  Burrow  
  81  6:18  Drone x3  
  81  6:19  Drone x2  
  81  6:20  Drone  
  83  6:40  Extractor  
  83  6:41  Roach  
  83  6:42  Roach x2  
  88  6:52  Infestation Pit  
  87  6:58  Drone x3  
  87  7:00  Hatchery, Overlord x2  
  89  7:03  Overlord  
  89  7:17  Hatchery  
  80  7:27  Queen  
  68  8:15  Roach x4  
  68  8:16  Roach x8  
  68  8:17  Drone x3  
  93  8:20  Queen  
  93  8:21  Drone  
  93  8:23  Queen  
  98  8:32  Spore Crawler  
  97  8:43  Roach x4  
  97  8:45  Drone x2  
  97  8:48  Drone x3  
  89  9:06  Hydralisk x4  
  89  9:07  Hydralisk x2  
  99  9:11  Hive  
  99  9:13  Lurker Den  
  93  9:26  Hatchery  
  88  9:32  Roach x2  
  88  9:33  Roach x3  
  98  9:38  Overlord  
  94  10:03  Roach x4  
  94  10:04  Roach x3  
  80  10:15  Evolution Chamber  
  80  10:19  Ravager x2  
  80  10:20  Ravager  
  83  10:21  Drone  
  83  10:24  Roach x3  
  83  10:25  Roach x3  
Show
View Real Time Build Order
Export as new Build Order

Massa Terran 

Build Orders:  

Get SALT Encoding   

  12  0:00  SCV  
  13  0:12  SCV  
  14  0:20  Supply Depot  
  14  0:24  SCV  
  15  0:39  Refinery  
  15  0:42  SCV  
  16  0:45  Barracks  
  16  0:54  SCV  
  17  1:06  SCV  
  18  1:18  SCV  
  19  1:30  SCV  
  19  1:32  Reaper  
  21  1:37  Command Center  
  21  1:46  Orbital Command  
  21  2:03  Supply Depot  
  21  2:04  Marine  
  22  2:14  Factory  
  22  2:23  Barracks Reactor  
  22  2:26  SCV  
  23  2:35  Engineering Bay  
  23  2:38  SCV  
  23  2:39  Supply Depot  
  25  2:51  Orbital Command  
  24  2:52  SCV  
  25  2:59  Ghost Academy  
  25  3:04  SCV, Missile Turret  
  26  3:08  Factory Tech Lab  
  26  3:16  SCV  
  27  3:20  Missile Turret  
  27  3:30  Armory  
  27  3:39  Refinery  
  27  3:40  Refinery  
  27  3:41  SCV x2  
  29  3:42  Refinery  
  29  3:44  Marine  
  29  3:46  Marine  
  31  3:53  SCV x2  
  33  4:15  Starport, SCV x2  
  35  4:19  Missile Turret  
  35  4:24  Personal Cloaking  
  35  4:27  SCV x2  
  35  4:29  Marine  
  38  4:33  Widow Mine  
  38  4:36  Marine  
  41  4:39  SCV  
  41  4:40  SCV  
  43  4:50  Marine  
  43  4:51  SCV  
  43  4:52  SCV  
  46  4:53  Marine  
  47  5:03  SCV, Barracks  
  47  5:04  Siege Tank  
  51  5:11  Barracks  
  50  5:19  Medivac  
  52  5:23  SCV x2  
  54  5:41  Supply Depot  
  54  5:43  Supply Depot  
  54  5:46  Supply Depot  
  54  5:47  Terran Infantry Weapons Level 1, Supply Depot  
  54  5:50  Nuke  
  54  5:56  Barracks Tech Lab  
  54  6:02  Liberator, Marine x2  
  54  6:03  SCV  
  60  6:04  Siege Tank  
  60  6:09  Barracks Tech Lab  
  63  6:12  SCV  
  63  6:15  SCV  
  65  6:18  Command Center  
  65  6:20  Marine x2  
  65  6:21  Stimpack  
  67  6:28  Marauder  
  67  6:29  Marauder  
  71  6:38  Marine x2  
  73  6:45  Medivac  
  75  6:49  Ghost  
  75  6:50  Marauder  
  79  6:56  SCV x2, Marine x2  
  79  6:57  Engineering Bay  
  83  7:04  Siege Tank  
  86  7:15  Supply Depot x2  
  86  7:18  Supply Depot  
  86  7:21  Supply Depot  
  86  7:30  SCV x2, Marauder x2, Marine  
  92  7:42  Terran Infantry Armor Level 1, Marine  
  93  7:47  Marine  
  93  7:51  Marauder, Marine  
  97  8:00  Marine  
  97  8:05  Marine  
  98  8:09  Marauder  
  101  8:13  Marauder  
  101  8:18  Marine  
  104  8:23  Marine  
  105  8:31  Marauder  
  107  8:34  Marauder  
  107  8:36  Marine  
  107  8:46  Marine  
  108  8:52  Marauder  
  108  8:54  Marine  
  107  8:56  Marauder  
  96  9:04  Marine  
  96  9:09  Siege Tank  
  87  9:11  Marine  
  87  9:13  Marauder  
  92  9:17  Marauder  
  92  9:21  Marine  
  79  9:29  Marine  
  64  9:35  Marauder  
  64  9:38  Marauder  
  64  9:42  Barracks x3  
  64  9:44  Barracks  
  67  9:46  Barracks  
  56  9:59  Orbital Command  
  57  10:00  Marauder  
  53  10:20  Supply Depot  
  49  10:22  Supply Depot  
Tags
 
Add a new tag
Caveats
  • Supply blocks, unpowered buildings, or Contaminate may cause inaccurate times.
  • Supply counts are checked every 10 seconds.